Map: Triton LE

Players

ViBE - Winner!

  • Race: Zerg Zerg
  • League: Diamond
  • Spawn Location: 5:00

StOnedas

  • Race: Protoss Protoss
  • League: Platinum
  • Spawn Location: 11:00

VOD

Have the link to the VOD?

Description

Time

  • Played on: Dec. 16, 2019, 1:42 a.m.
  • Length: 6:08
Show
View Real Time Build Order
Export as new Build Order

ViBE Zerg - Winner!

Build Orders: Hatch First 

Get SALT Encoding   

  12  0:00  Drone  
  13  0:13  Overlord  
  13  0:18  Drone  
  14  0:31  Drone x2  
  16  0:48  Hatchery  
  15  0:52  Drone  
  15  0:56  Drone  
  17  0:59  Drone  
  18  1:10  Extractor  
  17  1:16  Spawning Pool  
  16  1:18  Drone  
  16  1:22  Drone  
  18  1:30  Drone  
  19  1:44  Overlord  
  19  1:52  Drone  
  20  2:02  Queen, Drone x2  
  20  2:03  Queen  
  26  2:11  Drone  
  26  2:12  Drone  
  26  2:15  Metabolic Boost  
  28  2:25  Drone  
  28  2:26  Drone  
  30  2:35  Overlord  
  30  2:36  Drone  
  31  2:44  Drone x2  
  33  2:54  Roach Warren  
  32  2:58  Hatchery  
  32  2:59  Drone  
  32  3:04  Drone  
  32  3:05  Drone  
  34  3:06  Drone  
  34  3:10  Drone  
  36  3:13  Queen  
  36  3:18  Overlord  
  38  3:22  Overlord  
  38  3:31  Overlord  
  38  3:36  Roach x3  
  38  3:37  Roach  
  38  3:40  Roach  
  48  3:44  Roach  
  48  3:45  Roach  
  52  3:49  Roach  
  52  3:53  Roach  
  56  4:01  Overlord  
  56  4:03  Zergling x8  
  60  4:11  Zergling x2  
  60  4:14  Zergling x2  
  61  4:26  Zergling x16  
  69  4:33  Zergling x2  
  69  4:37  Zergling x4  
  72  4:43  Zergling x2  
  72  4:57  Zergling x16  
  78  5:03  Zergling x6  
  78  5:12  Spore Crawler  
  78  5:13  Spore Crawler  
  72  5:18  Zergling x6  
  70  5:27  Zergling x10  
  73  5:29  Zergling x2  
  65  5:51  Zergling x4  
Show
View Real Time Build Order
Export as new Build Order

StOnedas Protoss 

Build Orders: 1 Gate Expand, Oracle Opening 

Get SALT Encoding   

  12  0:02  Probe  
  14  0:14  Probe  
  14  0:21  Pylon  
  14  0:26  Probe  
  15  0:39  Probe (Chrono Boost)  
  16  0:43  Gateway  
  16  0:49  Probe (Chrono Boost)  
  17  0:54  Probe (Chrono Boost)  
  18  0:58  Assimilator  
  18  1:05  Probe  
  19  1:17  Probe  
  21  1:35  Nexus  
  20  1:50  Cybernetics Core  
  20  1:52  Probe  
  21  1:55  Assimilator  
  21  2:04  Probe  
  22  2:09  Pylon  
  22  2:16  Probe  
  23  2:25  Adept (Chrono Boost)  
  23  2:28  Probe  
  23  2:29  Warp Gate  
  26  2:40  Probe  
  27  2:49  Probe  
  28  2:53  Probe  
  28  2:55  Stargate  
  28  2:57  Adept  
  31  3:01  Probe  
  31  3:05  Probe  
  33  3:10  Shield Battery  
  33  3:14  Pylon  
  33  3:15  Probe  
  33  3:17  Probe  
  35  3:27  Probe  
  35  3:29  Assimilator, Probe  
  35  3:31  Assimilator  
  36  3:39  Probe  
  38  3:41  Probe  
  38  3:47  Oracle (Chrono Boost)  
  38  3:51  Probe  
  38  3:53  Probe  
  38  3:54  Robotics Facility  
  43  4:01  Stalker  
  45  4:03  Probe  
  45  4:05  Probe  
  47  4:15  Phoenix (Chrono Boost), Probe  
  50  4:17  Probe  
  49  4:27  Probe  
  49  4:29  Probe  
  51  4:36  Pylon  
  51  4:39  Probe  
  51  4:40  Adept  
  54  4:49  Probe (Chrono Boost)  
  54  4:52  Immortal (Chrono Boost)  
  51  4:57  Oracle (Chrono Boost)  
  48  5:01  Shield Battery  
  48  5:04  Shield Battery  
  41  5:08  Probe (Chrono Boost)  
  41  5:09  Probe (Chrono Boost)  
  37  5:15  Probe  
  37  5:18  Probe  
  39  5:22  Cybernetics Core  
  38  5:42  Probe  
Tags
 
Add a new tag
Caveats
  • Supply blocks, unpowered buildings, or Contaminate may cause inaccurate times.
  • Supply counts are checked every 10 seconds.